Map: Orbital Shipyard

Players

Megalith

  • Race: Zerg Zerg
  • League: Silver

TOGrizzly - Winner!

  • Race: Terran Terran
  • League: Gold

VOD

Have the link to the VOD?

Description

Comparison game. W vs L.

Time

  • Played on: Nov. 18, 2015, 4:43 p.m.
  • Length: 15:30
Show
View Real Time Build Order
Export as new Build Order

Megalith Zerg 

Build Orders: Hatch First, Muta Ling Bane 

Get SALT Encoding   

  12  0:00  Drone  
  13  0:12  Overlord  
  13  0:18  Drone  
  14  0:30  Drone x2  
  16  0:41  Drone  
  17  0:57  Hatchery  
  16  1:09  Drone, Spawning Pool  
  16  1:27  Overlord  
  16  1:39  Hatchery  
  15  1:50  Drone  
  16  1:54  Extractor  
  16  1:56  Queen  
  16  2:00  Drone x2  
  19  2:11  Drone  
  20  2:21  Queen  
  22  2:29  Drone x3  
  25  2:36  Zergling x2  
  25  2:37  Zergling x4  
  26  2:54  Extractor  
  26  2:58  Metabolic Boost  
  24  3:01  Drone  
  25  3:05  Queen  
  27  3:18  Drone x3  
  27  3:19  Drone  
  31  3:20  Zergling x2  
  31  3:21  Drone  
  31  3:25  Drone  
  34  3:47  Drone  
  34  3:48  Drone x2  
  37  3:51  Lair  
  37  3:56  Zergling x2  
  37  3:57  Zergling x6  
  37  3:58  Extractor  
  40  4:06  Drone x2  
  40  4:07  Overlord  
  42  4:23  Overlord x2  
  42  4:37  Overlord x2  
  42  4:40  Drone  
  42  4:41  Drone x3, Baneling Nest  
  45  4:46  Drone x2  
  47  5:09  Zergling x2  
  47  5:10  Drone, Zergling x10  
  47  5:11  Drone x5  
  59  5:19  Queen  
  61  5:23  Extractor  
  61  5:24  Drone  
  61  5:25  Drone, Extractor  
  61  5:26  Drone  
  58  6:03  Queen  
  59  6:17  Drone x2  
  59  6:18  Drone x4  
  65  6:26  Extractor  
  65  6:28  Drone x3  
  65  6:30  Drone  
  65  6:31  Drone x5  
  73  6:38  Baneling x4  
  73  6:39  Baneling x3  
  71  6:50  Drone x5  
  64  7:14  Overlord x2  
  64  7:21  Spire  
  63  7:24  Drone x3  
  63  7:25  Drone x4  
  70  7:33  Nydus Network  
  70  7:34  Centrifical Hooks  
  69  7:38  Drone x5  
  69  7:40  Evolution Chamber  
  69  7:41  Evolution Chamber  
  72  7:56  Queen  
  74  8:06  Zerg Melee Weapons Level 1  
  74  8:07  Zerg Ground Armor Level 1  
  74  8:08  Hatchery  
  74  8:11  Zergling x22  
  84  8:19  Nydus Canal  
  84  8:23  Zergling x6  
  87  8:29  Overlord x2  
  87  8:32  Queen  
  87  8:34  Mutalisk  
  91  8:51  Mutalisk  
  91  8:52  Mutalisk x7  
  91  8:53  Zerg Flyer Weapons Level 1  
  107  9:05  Overlord x3  
  107  9:06  Overlord  
  107  9:21  Mutalisk x2  
  107  9:23  Overlord  
  107  9:24  Overlord x2  
  111  9:28  Queen  
  113  9:32  Drone x2  
  115  9:39  Mutalisk x7  
  115  9:44  Baneling x4  
  115  9:45  Baneling x3  
  129  10:03  Queen  
  131  10:16  Zergling x2  
  131  10:17  Zergling x24  
  114  10:58  Zergling x2  
  114  10:59  Zergling x30  
  114  11:12  Zergling x2  
  114  11:13  Zergling x12  
  117  11:22  Baneling x3  
  117  11:23  Baneling x5  
  103  11:57  Baneling x2  
  103  11:58  Baneling x2  
  89  12:06  Zergling x32  
  103  12:10  Baneling x10  
  103  12:11  Baneling x13  
  103  12:16  Drone x6  
  103  12:20  Mutalisk x3  
  114  12:48  Mutalisk  
  114  12:49  Mutalisk x2  
  114  12:50  Overlord x4  
  120  12:55  Infestation Pit  
  119  13:01  Drone  
  119  13:02  Drone  
  119  13:03  Overlord  
  119  13:04  Overlord x4, Extractor  
  120  13:05  Hatchery, Extractor  
  120  13:07  Zerg Melee Weapons Level 2  
  120  13:10  Mutalisk x5  
  128  13:22  Hatchery  
  97  14:00  Mutalisk x7  
  83  14:39  Zergling x8  
  83  14:40  Zergling x8  
  83  14:45  Drone  
  92  14:46  Drone  
  68  15:04  Baneling x3  
  68  15:05  Baneling x2  
  68  15:06  Baneling x8  
  66  15:18  Hatchery  
Show
View Real Time Build Order
Export as new Build Order

TOGrizzly Terran - Winner!

Build Orders: Reaper Expand, MMM Bio 

Get SALT Encoding   

  12  0:01  SCV  
  13  0:13  Supply Depot  
  13  0:18  SCV  
  14  0:26  Refinery  
  14  0:31  SCV  
  15  0:42  Barracks  
  16  0:50  SCV  
  16  1:02  SCV  
  17  1:14  SCV  
  18  1:29  Orbital Command  
  18  1:30  Supply Depot  
  18  1:33  Reaper  
  19  1:54  Command Center  
  19  2:11  Barracks Reactor  
  19  2:12  Factory  
  19  2:13  SCV  
  20  2:20  Refinery  
  20  2:25  SCV  
  21  2:30  Supply Depot  
  21  2:39  SCV  
  22  2:51  Marine x2  
  24  3:14  Starport  
  24  3:16  SCV  
  24  3:18  Command Center  
  25  3:22  Orbital Command  
  25  3:34  Hellion, Barracks Tech Lab  
  27  3:38  SCV  
  28  3:46  Engineering Bay  
  28  3:49  SCV  
  28  3:54  Hellion  
  31  3:56  Medivac  
  31  4:02  SCV x2  
  35  4:07  Hellion, Marine  
  38  4:16  SCV x2  
  40  4:18  Hellion  
  42  4:32  Barracks  
  42  4:34  Barracks, Marauder  
  44  4:44  Widow Mine x2  
  48  4:46  Starport Reactor  
  48  4:48  Stimpack  
  48  4:49  SCV x2  
  50  4:53  Supply Depot  
  50  5:15  Missile Turret  
  50  5:22  Barracks x2  
  50  5:25  Widow Mine x2  
  54  5:28  Barracks Tech Lab  
  54  5:29  Barracks Reactor  
  51  6:02  Combat Shields, Marauder  
  51  6:16  Barracks Tech Lab  
  51  6:19  Barracks Reactor  
  51  6:25  Marine x2  
  51  6:26  Barracks Reactor  
  53  6:33  Terran Infantry Weapons Level 1  
  53  6:34  Armory, SCV x2  
  53  6:36  Orbital Command  
  53  6:37  Engineering Bay  
  53  6:39  Widow Mine x2  
  55  6:46  SCV  
  60  7:02  SCV x2  
  60  7:03  SCV  
  60  7:04  Marine x3, Medivac x2  
  63  7:14  Marine  
  63  7:15  Marine x3  
  69  7:16  Marauder  
  69  7:23  SCV x2  
  69  7:28  Bunker  
  71  7:33  SCV  
  71  7:35  SCV  
  73  7:38  SCV  
  73  7:40  Terran Infantry Armor Level 1, Refinery x2  
  74  7:45  SCV  
  74  7:46  Missile Turret  
  74  7:48  Marine x2  
  77  8:19  Supply Depot x2  
  77  8:20  Marine x6  
  77  8:21  SCV x2, Viking, Marine  
  77  8:25  Supply Depot  
  88  8:31  Widow Mine x2  
  92  8:44  Viking  
  92  8:47  SCV x2  
  92  8:48  Marine x2  
  98  8:59  Marine x2  
  98  9:00  Marauder x2, Marine  
  98  9:01  Terran Infantry Weapons Level 2, Marine  
  104  9:04  SCV x2  
  104  9:08  Refinery  
  106  9:11  Refinery  
  106  9:17  Medivac  
  106  9:18  Medivac  
  106  9:21  Marine x3  
  106  9:22  Marine x2  
  115  9:25  SCV x2  
  115  9:26  Starport  
  115  9:29  Barracks  
  115  9:31  Missile Turret  
  117  9:34  Barracks  
  117  9:35  Missile Turret  
  117  9:36  Missile Turret  
  117  10:03  Command Center  
  117  10:07  Command Center  
  117  10:24  Terran Infantry Armor Level 2  
  117  10:27  Supply Depot  
  117  10:29  Supply Depot  
  117  10:41  Marine  
  117  10:42  SCV, Marine x2  
  117  10:43  Marine  
  117  10:45  Marine  
  117  10:49  Marauder, Medivac x2, Marine x2  
  125  10:52  Supply Depot  
  125  10:54  Supply Depot  
  109  10:59  Marine x2, Marauder  
  109  11:01  Marine  
  109  11:03  Marine  
  114  11:07  Marine x2  
  114  11:11  Marauder  
  114  11:14  Orbital Command  
  114  11:17  Marine x2  
  113  11:19  Marine  
  113  11:20  Marine  
  106  11:32  SCV x2  
  105  11:34  Marine x3  
  105  11:35  Widow Mine x2, Marine x3  
  105  11:36  Medivac x2  
  105  11:38  Marauder  
  105  11:39  Orbital Command  
  114  11:52  Marine x3  
  113  12:09  Marine x4  
  117  12:23  Marine x4  
  117  12:28  Marauder  
  117  12:29  SCV  
  124  12:31  Orbital Command  
  121  12:45  Marine x3  
  121  12:46  Marauder, Marine  
  121  12:48  Marine x3  
  130  12:52  Starport Reactor  
  130  12:55  Medivac x2  
  130  12:56  Barracks Reactor, SCV  
  130  12:57  SCV x2  
  137  13:03  Marine x3  
  140  13:14  SCV x2  
  142  13:29  Bunker  
  142  13:31  Bunker  
  142  13:34  Marine x3  
  142  13:35  Marine x4  
  142  13:38  Marauder  
  142  13:40  Marauder  
  146  13:42  Widow Mine  
  146  13:45  Missile Turret x2  
  145  14:00  Marauder  
  136  14:03  Marine x3  
  136  14:04  Marine x5  
  136  14:05  Marauder  
  136  14:07  Marine  
  145  14:16  Medivac  
  147  14:17  Medivac  
  147  14:20  Marine  
  147  14:21  Marine  
  151  14:25  Marine x3  
  151  14:26  Marine x2  
  144  14:45  Marine x2  
  142  14:46  Marine x6  
  150  14:54  SCV x3  
  153  15:08  Marine x3  
Tags
 
Add a new tag
Caveats
  • Supply blocks, unpowered buildings, or Contaminate may cause inaccurate times.
  • Supply counts are checked every 10 seconds.